 Dungeon Crawl Stone Soup version 0.19.3-4-gbf9329e (webtiles) character file.

296 Mefis the Magician (level 6, 0/32 HPs)
             Began as a Deep Elf Wizard on Jan 29, 2017.
             Slain by a river rat (1 damage)
             ... on level 4 of the Dungeon.
             The game lasted 00:16:06 (5118 turns).

Mefis the Magician (Deep Elf Wizard)                Turns: 5118, Time: 00:16:07

Health: 0/32       AC:  2    Str:  4    XL:     6   Next: 12%
Magic:  1/17       EV: 13    Int: 25    God:
Gold:   164        SH:  3    Dex: 13    Spells: 7 memorised, 3 levels left

rFire  . . .     SeeInvis +     u - +0 dagger (speed)
rCold  . . .     Gourm    .     a - +0 robe
rNeg   . . .     Faith    .     (no shield)
rPois  .         Spirit   .     b - +0 hat
rElec  .         Reflect  +     (no cloak)
rCorr  .         Harm     .     (no gloves)
MR     .....                    (no boots)
Stlth  +.........               h - +3 amulet of reflection
                                (no ring)
                                o - ring of see invisible

@: repel missiles
A: no striking features
a: no special abilities


You were on level 4 of the Dungeon.
You were not hungry.

You visited 1 branch of the dungeon, and saw 4 of its levels.

You collected 164 gold pieces.

Inventory:

Hand Weapons
 j - a +0 dagger
 p - a +0 blowgun
 u - a +0 dagger of speed (weapon)
Missiles
 i - 43 sling bullets
 t - 31 poisoned needles
Armour
 a - a +0 robe (worn)
 b - a +0 hat (worn)
Jewellery
 h - a +3 amulet of reflection (around neck)
 o - a ring of see invisible (left hand)
Wands
 y - a wand of confusion (35/48)
Scrolls
 e - a scroll of teleportation {unknown}
 g - a scroll of noise {unknown}
 k - 2 scrolls of immolation {unknown}
 l - 2 scrolls of identify {unknown}
 m - a scroll of remove curse {unknown}
 n - a scroll of recharging {unknown}
 q - a scroll of amnesia {unknown}
 v - a scroll of enchant armour {unknown}
Potions
 f - a potion of heal wounds {unknown}
 w - a potion of mutation {unknown}
 x - a potion of lignification {unknown}
 A - a potion of curing {unknown}
Books
 c - a book of Minor Magic

   Spells                             Type                      Level
   a - Magic Dart                     Conjuration                  1
   b - Blink                          Translocation                2
   c - Call Imp                       Summoning                    2
   d - Repel Missiles                 Charms/Air                   2
   e - Slow                           Hexes                        2
   f - Conjure Flame                  Conjuration/Fire             3
   g - Mephitic Cloud                 Conjuration/Poison/Air       3
Comestibles
 d - 4 bread rations
 r - a slice of pizza
 s - 3 fruits


   Skills:
 + Level 3.5 Dodging
 + Level 3.4 Stealth
 * Level 6.5 Spellcasting
 + Level 3.0 Conjurations
 + Level 1.3 Hexes
 - Level 1.1 Summonings
 - Level 1.1 Translocations
 + Level 1.8 Air Magic
 + Level 1.4 Poison Magic


You had 3 spell levels left.
You knew the following spells:

 Your Spells              Type           Power        Failure   Level  Hunger
a - Magic Dart            Conj           ###.         1%          1    None
b - Call Imp              Summ           ##......     10%         2    None
c - Blink                 Tloc           N/A          10%         2    None
d - Repel Missiles        Chrm/Air       ##....       10%         2    None
e - Mephitic Cloud        Conj/Pois/Air  ###.....     12%         3    None
f - Conjure Flame         Conj/Fire      ###.....     12%         3    None
g - Slow                  Hex            ##......     10%         2    None


Dungeon Overview and Level Annotations

Branches:
Dungeon (4/15)
 Temple: D:4-7

Altars:
Dithmenos
Okawaru


Message History

You enter the shallow water.
Moving in this stuff is going to be slow.
A river rat comes into view.
The worker ant barely misses you.
Your magical contamination has completely faded away.
The leopard gecko barely misses you.
The worker ant splashes around in the water.
The leopard gecko barely misses you. The river rat closely misses you.
The river rat misses you.
The leopard gecko hisses angrily.
The leopard gecko bites you. The river rat closely misses you.
The leopard gecko barely misses you. The leopard gecko bites you.
The worker ant bites you.
* * * LOW HITPOINT WARNING * * *
You block the river rat's attack. The river rat bites you.
* * * LOW HITPOINT WARNING * * *
The leopard gecko bites you.
* * * LOW HITPOINT WARNING * * *
The leopard gecko barely misses you. The river rat bites you.
You die...

#...........
#..h...<
#..........(
#.##a.##
#........... ##.
# #..######... #o
#..# . o.
#..##++# ... #.
#...#≈≈# .. ..
#..##≈≈## .. ##
#..#≈l@≈#..
##.#≈rlr#.#####
#.##ha##.......
#..#≈≈#.........
##.+##o..........
##.............?
#..............
#..............
#..............


You could see a hound, a worker ant, 2 river rats, an orc and 2 leopard geckos.

Vanquished Creatures
  A phantom (D:2)
  A worker ant (D:3)
  8 adders
  5 worms
  A dart slug (D:1)
  2 leopard geckos
  2 orcs (D:3)
  3 giant cockroaches (D:1)
  15 goblins
  9 hobgoblins
  9 jackals
  10 kobolds
  A quokka (D:2)
  3 ball pythons
  5 bats
  A frilled lizard (D:1)
  8 rats
84 creatures vanquished.

Vanquished Creatures (collateral kills)
  An adder (D:4)
  An adder skeleton (D:4)
  A leopard gecko (D:1)
  2 orcs (D:3)
  A giant cockroach (D:4)
  2 kobolds (D:3)
8 creatures vanquished.

Grand Total: 92 creatures vanquished

Notes
Turn   | Place    | Note
-------+----------+-------------------------------------------
     0 | D:1      | Mefis the Deep Elf Wizard began the quest for the Orb.
     0 | D:1      | Reached XP level 1. HP: 10/10 MP: 7/7
   432 | D:1      | Reached XP level 2. HP: 15/15 MP: 5/9
   453 | D:1      | Learned a level 2 spell: Call Imp
   456 | D:1      | Learned a level 2 spell: Blink
   459 | D:1      | Learned a level 2 spell: Repel Missiles
  1201 | D:1      | Reached XP level 3. HP: 19/19 MP: 7/11
  1206 | D:1      | Learned a level 3 spell: Mephitic Cloud
  1478 | D:2      | Reached skill level 5 in Spellcasting
  1703 | D:2      | Found a faded altar of an unknown god.
  1760 | D:2      | Reached skill level 1 in Air Magic
  1837 | D:2      | Found a shadowy altar of Dithmenos.
  1845 | D:2      | Reached XP level 4. HP: 23/24 MP: 4/13
  1850 | D:2      | Learned a level 3 spell: Conjure Flame
  2035 | D:2      | Found an iron altar of Okawaru.
  2619 | D:3      | Noticed a phantom
  3447 | D:3      | Reached skill level 6 in Spellcasting
  3447 | D:3      | Reached skill level 1 in Poison Magic
  3447 | D:3      | Reached XP level 5. HP: 28/28 MP: 9/15
  3477 | D:2      | Learned a level 2 spell: Slow
  4479 | D:2      | Killed a phantom
  4479 | D:2      | Reached skill level 1 in Hexes
  4479 | D:2      | Reached XP level 6. HP: 13/32 MP: 4/17
  5118 | D:4      | HP: 1/32 [leopard gecko (3)]
  5118 | D:4      | Slain by a river rat

Skill      XL: |  1  2  3  4  5  6 |
---------------+-------------------+-----
Conjurations   | 2 3 |  3.0
Spellcasting   | 5 6 |  6.5
Air Magic      | 1 |  1.8
Stealth        | 3 |  3.4
Dodging        | 3 |  3.5
Poison Magic   | 1 |  1.4
Hexes          | 1 |  1.3
Summonings     | |  1.1
Translocations | |  1.1

Action                   |  1- 3 |  4- 6 || total
-------------------------+-------+-------++-------
Melee: Unarmed           |     5 |       ||     5
       Dagger            |     3 |    19 ||    22
 Cast: Magic Dart        |    96 |   193 ||   289
       Repel Missiles    |     2 |     1 ||     3
       Call Imp          |     1 |    14 ||    15
       Mephitic Cloud    |     1 |     6 ||     7
       Blink             |       |     4 ||     4
 Stab: Sleeping          |     2 |       ||     2
  Eat: Chunk             |     3 |     6 ||     9
       Meat ration       |       |     1 ||     1
Armor: Robe              |     6 |     5 ||    11
Dodge: Dodged            |    23 |    53 ||    76
       Deflected         |     1 |     1 ||     2
Block: Other             |     3 |    12 ||    15
       Reflection        |       |     3 ||     3
